[Event "Amsterdam Chess Open 2024"]
[Site "Amsterdam"]
[Date "2024.11.01"]
[Round "2.22"]
[White "Haerden, Mathijs"]
[Black "Dekker, Ichelle"]
[Result "1-0"]
[ECO "A03"]
[WhiteElo "1802"]
[BlackElo "1737"]
[Annotator "NA RC"]
[PlyCount "49"]
[EventDate "2024.10.31"]
[EventType "swiss"]
[EventCountry "NED"]
[SourceTitle "playchess.com"]
[Source "ChessBase"]
[SourceQuality "1"]
[TimeControl "5400+30"]

1. f4 e6 2. Nf3 d5 3. e3 Nf6 4. b3 Be7 5. Bb2 c5 6. Bb5+ Nc6 7. Bxc6+ bxc6 8. Ne5 Bb7 9. O-O O-O 10. d3 Qb6 11. Rf3 Rfd8 12. Qe1 d4 13. e4 a5 14. a4 Nd7 15. Nxd7 Rxd7 16. Nd2 Ba6 17. Rh3 Qc7 18. e5 Re8 19. Qe4 g6 20. Rf1 f6 21. exf6 Bxf6 22. f5 gxf5 23. Rxf5 Bd8 24. Rxc5 Bg5 25. Rxg5+ 1-0

[Event "Amsterdam Chess Open 2024"]
[Site "Amsterdam"]
[Date "2024.11.01"]
[Round "2.23"]
[White "Denz, Markus"]
[Black "Van der Velden, Rens"]
[Result "1/2-1/2"]
[ECO "E68"]
[WhiteElo "1729"]
[BlackElo "1798"]
[Annotator "NA RC"]
[PlyCount "99"]
[EventDate "2024.10.31"]
[EventType "swiss"]
[EventCountry "NED"]
[SourceTitle "playchess.com"]
[Source "ChessBase"]
[SourceQuality "1"]
[TimeControl "5400+30"]

1. d4 Nf6 2. c4 g6 3. g3 Bg7 4. Bg2 O-O 5. Nc3 d6 6. Nf3 Nbd7 7. O-O Re8 8. e4 e5 9. h3 exd4 10. Nxd4 Nc5 11. Re1 Rb8 12. Rb1 Bd7 13. b4 Ne6 14. Be3 Qc8 15. Kh2 Nxd4 16. Bxd4 c5 17. bxc5 dxc5 18. Bxf6 Bxf6 19. Nb5 Bxb5 20. Rxb5 Bd4 21. Qf3 Qe6 22. Qb3 Bxf2 23. Rf1 Bd4 24. Rxb7 Rxb7 25. Qxb7 Re7 26. Qd5 Qxd5 27. cxd5 Rc7 28. Rd1 Be5 29. d6 Rd7 30. Rd5 Bd4 31. Bf1 f6 32. Bb5 Rd8 33. a4 a5 34. Kg2 h6 35. Kf3 Kf8 36. Ke2 Be5 37. d7 Bxg3 38. Rxc5 Bd6 39. Rd5 Ke7 40. Bc6 Bb4 41. Kf3 Be1 42. e5 Ke6 43. exf6 Kxf6 44. Rd6+ Kg7 45. Re6 Rf8+ 46. Kg2 Bh4 47. Re5 Rf2+ 48. Kg1 Rf5 49. Re8 Rf8 50. Kg2 1/2-1/2

[Event "Amsterdam Chess Open 2024"]
[Site "Amsterdam"]
[Date "2024.11.01"]
[Round "2.24"]
[White "Stiehler, Oskar"]
[Black "Richard Speckamp"]
[Result "1-0"]
[ECO "B22"]
[WhiteElo "1784"]
[BlackElo "1737"]
[Annotator "NA RC"]
[PlyCount "28"]
[EventDate "2024.10.31"]
[EventType "swiss"]
[EventCountry "NED"]
[SourceTitle "playchess.com"]
[Source "ChessBase"]
[SourceQuality "1"]
[TimeControl "5400+30"]

1. e4 c5 2. c3 Nc6 3. d4 cxd4 4. cxd4 d5 5. e5 Bf5 6. Bd3 Bxd3 7. Qxd3 e6 8. a3 Qb6 9. Nf3 Nge7 10. b4 Rc8 11. O-O Nf5 12. Be3 Be7 13. Nbd2 O-O 14. Nb3 Rc7 1-0

[Event "Amsterdam Chess Open 2024"]
[Site "Amsterdam"]
[Date "2024.11.01"]
[Round "2.26"]
[White "Marnix Reemst"]
[Black "Patil, Neev"]
[Result "1-0"]
[ECO "E91"]
[WhiteElo "1700"]
[BlackElo "1543"]
[Annotator "NA RC"]
[PlyCount "39"]
[EventDate "2024.10.31"]
[EventType "swiss"]
[EventCountry "NED"]
[SourceTitle "playchess.com"]
[Source "ChessBase"]
[SourceQuality "1"]
[TimeControl "5400+30"]

1. d4 Nf6 2. c4 g6 3. Nc3 Bg7 4. e4 d6 5. Nf3 O-O 6. Be2 Nbd7 7. O-O h6 8. Qc2 e5 9. dxe5 dxe5 10. Rd1 Qe7 11. b3 b6 12. Bb2 Bb7 13. Nd5 Nxd5 14. cxd5 f6 15. Qxc7 Rab8 16. Bb5 Rfd8 17. Rac1 Bf8 18. d6 Qg7 19. b4 Bxe4 20. Qc4+ 1-0

[Event "Amsterdam Chess Open 2024"]
[Site "Amsterdam"]
[Date "2024.11.01"]
[Round "2.27"]
[White "Tobias Pilz"]
[Black "Marijn Demarteau"]
[Result "1-0"]
[ECO "D94"]
[WhiteElo "1700"]
[BlackElo "1535"]
[Annotator "NA RC"]
[PlyCount "71"]
[EventDate "2024.10.31"]
[EventType "swiss"]
[EventCountry "NED"]
[SourceTitle "playchess.com"]
[Source "ChessBase"]
[SourceQuality "1"]
[TimeControl "5400+30"]

1. e3 g6 2. Nf3 Bg7 3. d4 d5 4. c4 c5 5. Nc3 Nf6 6. Bd3 Nc6 7. dxc5 dxc4 8. Bxc4 Qxd1+ 9. Nxd1 O-O 10. Nc3 Bf5 11. O-O Rac8 12. Nh4 Be6 13. Bxe6 fxe6 14. Rd1 Rcd8 15. Rxd8 Rxd8 16. Kf1 a6 17. Nf3 e5 18. Ke2 Nd7 19. Na4 Bf6 20. Bd2 e4 21. Ng1 Be5 22. h4 Kf7 23. Rc1 Bc7 24. Rc4 Nf6 25. Bc3 Ne5 26. Bxe5 Bxe5 27. Ke1 Ke6 28. Ne2 Bc7 29. Nac3 Ke5 30. Ng3 Rd7 31. Ngxe4 Nxe4 32. Rxe4+ Kf6 33. Rc4 Be5 34. c6 bxc6 35. Rxc6+ Rd6 36. Ne4+ 1-0

[Event "Amsterdam Chess Open 2024"]
[Site "Amsterdam"]
[Date "2024.11.01"]
[Round "2.28"]
[White "Paul Shellard"]
[Black "Boom, Harrie"]
[Result "1/2-1/2"]
[ECO "D78"]
[WhiteElo "1550"]
[BlackElo "1696"]
[Annotator "NA RC"]
[PlyCount "22"]
[EventDate "2024.10.31"]
[EventType "swiss"]
[EventCountry "NED"]
[SourceTitle "playchess.com"]
[Source "ChessBase"]
[SourceQuality "1"]
[TimeControl "5400+30"]

1. d4 Nf6 2. Nf3 g6 3. c4 Bg7 4. g3 O-O 5. Bg2 c6 6. O-O d5 7. Qc2 Nbd7 8. Nbd2 Re8 9. b3 e5 10. dxe5 Nxe5 11. Bb2 Nxf3+ 1/2-1/2

[Event "Amsterdam Chess Open 2024"]
[Site "Amsterdam"]
[Date "2024.11.01"]
[Round "2.29"]
[White "Chaganti, Prahasith Reddy"]
[Black "Menno Krajenbrink"]
[Result "1/2-1/2"]
[ECO "B13"]
[WhiteElo "1692"]
[BlackElo "1513"]
[Annotator "NA RC"]
[PlyCount "104"]
[EventDate "2024.10.31"]
[EventType "swiss"]
[EventCountry "NED"]
[SourceTitle "playchess.com"]
[Source "ChessBase"]
[SourceQuality "1"]
[TimeControl "5400+30"]

1. e4 c6 2. d4 d5 3. exd5 cxd5 4. Bd3 Nc6 5. c3 Nf6 6. h3 e6 7. Bf4 Be7 8. Nf3 a6 9. Nbd2 O-O 10. O-O b5 11. a3 Qb6 12. Qc2 g6 13. Bh6 Re8 14. Ng5 e5 15. dxe5 Nxe5 16. Rfe1 Nxd3 17. Qxd3 Bf5 18. Qg3 d4 19. cxd4 Qxd4 20. Qb3 Qd5 21. Qf3 Rac8 22. Nde4 Nxe4 23. Nxe4 Bxe4 24. Rxe4 Qd7 25. Rd1 Qf5 26. Qxf5 gxf5 27. Re5 Bf8 28. Bf4 Rxe5 29. Bxe5 Bg7 30. Bxg7 Kxg7 31. Rd6 Rc1+ 32. Kh2 Rc2 33. b4 Rxf2 34. Rxa6 f4 35. Ra5 f3 36. Kg3 Rxg2+ 37. Kxf3 Ra2 38. Rxb5 Rxa3+ 39. Kg4 Rb3 40. Rb7 h5+ 41. Kxh5 Rxh3+ 42. Kg4 Rb3 43. b5 Kf6 44. Kf4 Rb4+ 45. Ke3 Ke5 46. Kd3 Kd5 47. Kc3 Rb1 48. Rd7+ Kc5 49. Rc7+ Kd5 50. Rxf7 Rxb5 51. Rf5+ Kc6 52. Rxb5 Kxb5 1/2-1/2

[Event "Amsterdam Chess Open 2024"]
[Site "Amsterdam"]
[Date "2024.11.01"]
[Round "2.30"]
[White "Witte, Phoebe"]
[Black "Samir Munshi"]
[Result "1-0"]
[ECO "C70"]
[WhiteElo "1619"]
[BlackElo "1400"]
[Annotator "NA RC"]
[PlyCount "77"]
[EventDate "2024.10.31"]
[EventType "swiss"]
[EventCountry "NED"]
[SourceTitle "playchess.com"]
[Source "ChessBase"]
[SourceQuality "1"]
[TimeControl "5400+30"]

1. e4 e5 2. Nf3 Nc6 3. Bb5 Bc5 4. O-O d6 5. h3 a6 6. Ba4 Nf6 7. d3 h6 8. c3 b5 9. Bc2 O-O 10. Re1 Re8 11. Nbd2 Be6 12. Nf1 b4 13. Ng3 Qd7 14. d4 exd4 15. cxd4 Bb6 16. d5 Bxh3 17. dxc6 Qc8 18. gxh3 Qxh3 19. Be3 Qg4 20. Nh2 Qh4 21. Bxb6 cxb6 22. Qf3 Re5 23. Rad1 Nh5 24. Rd5 Rae8 25. Red1 R8e6 26. Rxe5 Rxe5 27. c7 Qh3 28. Rd5 Nxg3 29. Qxg3 Qc8 30. Rxe5 dxe5 31. Qxe5 Qd7 32. Qf4 Qc6 33. Bb3 Qg6+ 34. Qg4 Qc6 35. c8=Q+ Qxc8 36. Qxc8+ Kh7 37. Qf5+ Kg8 38. Qxf7+ Kh8 39. Qg8# 1-0